 Dungeon Crawl Stone Soup version 0.26.1-11-gd32895ea62 (webtiles) character file.

Game seed: 12310022266765379916

215 raph the Poker (level 5, -6/42 HPs)
             Began as a Merfolk Gladiator on Apr 17, 2021.
             Was a Believer of Cheibriados.
             Killed by nerve-wracking pain
             ... invoked by Grinder
              (9 damage)
             ... while paralysed by Grinder
             ... on level 4 of the Dungeon.
             The game lasted 00:04:30 (3005 turns).

raph the Poker (Merfolk Gladiator)                  Turns: 3005, Time: 00:04:30

Health: -6/42      AC:  8    Str: 18    XL:     5   Next: 92%
Magic:  5/5        EV:  2    Int: 12    God:    Cheibriados [**....]
Gold:   150        SH:  0    Dex: 20    Spells: 4/4 levels left

rFire    . . .     SeeInvis .   a - +0 trident
rCold    + . .     Faith    .   (no shield)
rNeg     . . .     Spirit   .   h - +1 leather armour {rC+}
rPois    .         Reflect  +   c - +0 helmet
rElec    .         Harm     .   o - +2 cloak
rCorr    .         Rampage  .   (no gloves)
Will     .....                  (no boots)
Stlth    +.........             l - amulet of reflection
HPRegen  0.14/turn              (no ring)
MPRegen  0.09/turn              (no ring)

@: paralysed, very slow
A: change form in water, swift swim, stealthy swim
a: Renounce Religion, Bend Time


You were on level 4 of the Dungeon.
You worshipped Cheibriados.
Cheibriados was pleased with you.
You visited 1 branch of the dungeon, and saw 4 of its levels.

You collected 150 gold pieces.

Inventory:

Hand Weapons
 a - a +0 trident (weapon)
Missiles
 d - 3 throwing nets (quivered)
Armour
 b - a +0 leather armour
 c - a +0 helmet (worn)
 h - a +1 leather armour of cold resistance (worn)
 o - a +2 cloak (worn)
Jewellery
 l - an amulet of reflection (around neck)
Scrolls
 f - 5 scrolls of remove curse
 t - a scroll of magic mapping
Potions
 i - 3 potions of curing
 j - a potion of attraction
 k - a potion of berserk rage
 m - 2 potions of haste {unknown}
 n - a potion of heal wounds
 p - a potion of degeneration {unknown}
 s - a potion of mutation {unknown}
 v - a potion of lignification {unknown}
 w - a potion of cancellation {unknown}


   Skills:
 + Level 3.7 Fighting
 * Level 7.3 Polearms
 - Level 2.0 Throwing
 + Level 5.4 Dodging


You had 4 spell levels left.
You didn't know any spells.
Your spell library was empty.

Dungeon Overview and Level Annotations

Branches:
Dungeon (4/15)
 Temple: D:4-7

Altars:
Ashenzari
Cheibriados
Trog

Annotations:
D:4 Grinder


Message History

You hit the ogre but do no damage.
The ogre is moderately wounded.
The ogre hits you with a +0 giant club!!
Ouch! That really hurt!
You are too injured to fight recklessly!
You are too injured to fight recklessly!
You are too injured to fight recklessly!
You are too injured to fight recklessly!
You are too injured to fight recklessly!
You are too injured to fight recklessly!
You are too injured to fight recklessly!
Grinder gestures at you.
You suddenly lose the ability to move!
The ogre hits you with a +0 giant club!
* * * LOW HITPOINT WARNING * * *
The orc hits you with a +0 club.
* * * LOW HITPOINT WARNING * * *
Grinder gestures at you. Pain shoots through your body!
You die...

* **,,,......#*
**,,,,,,,* *
*,,,,.......##
*,,,,,,,*
**,,,........#
**,,,,,,*
*,,,........##**,,,,,,*
*,,,....$....#*,,,,,,**
***
**,,.........##,,*,,,*
,,*
*,,........<.#,#**,**
,,** **,..........#.#
*,* ,,,*
*,....<...@...# ***
,,,** **.....5.)Oo..#
,,,,* *........)...#
,,,,** *#######.....# *
,,,,,** **......# **
,,,,,,*** ***.....$.#
**,
,,,,,,,,***,........#
**,,
,,,,,**,,,,.........#
**,,*
,,,,,****,..........#
**,,**


You could see Grinder, an ogre and an orc.

Vanquished Creatures
  An orc wizard (D:3)
  An orc priest (D:3)
  A hound zombie (D:3)
  A worker ant zombie (D:3)
  3 adders
  An ooze (D:3)
  An adder skeleton (D:3)
  3 worms (D:2)
  4 leopard geckos
  7 orcs
  5 bats
  5 giant cockroaches
  9 hobgoblins
  3 jackals (D:1)
  2 quokkas (D:3)
  13 frilled lizards
  7 goblins
  6 kobolds
  7 rats
80 creatures vanquished.

Vanquished Creatures (others)
  5 plants (D:1)
5 creatures vanquished.

Grand Total: 85 creatures vanquished

Notes
Turn   | Place    | Note
-------+----------+-------------------------------------------
     0 | D:1      | raph the Merfolk Gladiator began the quest for the Orb.
     0 | D:1      | Reached XP level 1. HP: 16/16 MP: 1/1
   258 | D:1      | Reached XP level 2. HP: 22/23 MP: 2/2
   323 | D:1      | Reached skill level 5 in Polearms
   729 | D:1      | Reached XP level 3. HP: 25/28 MP: 3/3
  1350 | D:2      | Reached XP level 4. HP: 34/34 MP: 4/4
  1363 | D:2      | Found a bloodstained altar of Trog.
  1492 | D:2      | Reached skill level 6 in Polearms
  1535 | D:2      | Found a faded altar of an unknown god.
  1550 | D:2      | Became a worshipper of Cheibriados the Contemplative
  1550 | D:2      | Reached * piety under Cheibriados
  1948 | D:3      | Found a broken altar of Ashenzari.
  2037 | D:3      | Reached skill level 5 in Dodging
  2037 | D:3      | Reached XP level 5. HP: 9/41 MP: 1/5
  2040 | D:3      | Reached skill level 7 in Polearms
  2631 | D:3      | Reached ** piety under Cheibriados
  2993 | D:4      | Noticed Grinder
  2994 | D:4      | Noticed an ogre
  3003 | D:4      | Paralysed by Grinder for 6 turns
  3005 | D:4      | Killed from afar by Grinder

Illustrated notes

Levels and vault maps discovered:
D:1:      psy_arrival_statuary, layout_loops_ring, kennysheep_pointless_box,
          minmay_lizard_king
D:2:      layout_rooms, nicolae_overflow_crystal_walls,
          chequers_ecumenical_altar_simple
D:3:      layout_basic, old_standard_altar, serial_undead, serial_undead_a,
          serial_undead_b, serial_undead_f, serial_undead_f,
          portal_sewer_entry_f
D:4:      layout_cave_pods, lemuel_round_altar, kennysheep_slug_shrine,
          uniq_grinder, uniq_ijyb

Skill      XL: |  1  2  3  4  5 |
---------------+----------------+-----
Polearms       | 5 6 7 |  7.3
Fighting       | 3 |  3.7
Dodging        | 5 |  5.4
Throwing       | |  2.0

Action                   |  1- 3 |  4- 6 || total
-------------------------+-------+-------++-------
Melee: Trident           |   127 |   155 ||   282
Invok: Bend Time         |       |     1 ||     1
  Use: Scroll            |       |    10 ||    10
 Stab: Sleeping          |     2 |     1 ||     3
Armor: Leather armour    |    27 |    23 ||    50
Dodge: Dodged            |    71 |    64 ||   135
Block: Other             |     1 |    22 ||    23
       Reflection        |       |     1 ||     1
